cohdb
Replays
Latest Replays
All Replays
Popular Replays
Top Player Replays
Match Explorer
How It Works
Community
CoH3 Stats
Reddit
Sign in to upload your games and track your stats! →
Sign in with Steam
Match 45866902
Unlisted
Match 45866902
Overview
Messages
Build Orders
End
Selects Italian Combined Arms Battlegroup
Selects Bersaglieri Squad
Bersaglieri Squad
Panzergrenadier Squad
Bersaglieri Squad
Construct Light Support Kompanie
Bersaglieri Squad
Fire Support Elements
2.5-tonne Medical Truck
Selects Semovente da 75/18 Assault Gun
Pak 38 Mechanized Group
Selects Carro Armato M13/40 Light Tank
Carro Armato M13/40 Light Tank
Selects Artillery Cover
Artillery Cover
Oncle-Hô
KellySlayer
ahumi
刚枪全看运气
Incitatus
菜狗乱吠
掉线学说
HHHCARL92
0
0
Comments
sign in to comment!
No comments posted yet!